 Dungeon Crawl Stone Soup version 0.26-a0-1020-ge47f559bc5 (webtiles) character file.

Game seed: 6082459406080824288

54 ANON1729 the Insei (level 3, 0/27 HPs)
             Began as a Merfolk Transmuter on Dec 8, 2020.
             Slain by a hobgoblin (3 damage)
             ... on level 2 of the Dungeon.
             The game lasted 00:01:43 (1780 turns).

ANON1729 the Insei (Merfolk Transmuter)             Turns: 1780, Time: 00:01:44

Health: 0/27       AC:  2    Str: 10    XL:     3   Next: 91%
Magic:  5/6        EV: 13    Int: 13    God:
Gold:   89         SH:  0    Dex: 14    Spells: 5/6 levels left

rFire    . . .     SeeInvis .     - Unarmed
rCold    . . .     Faith    .   (no shield)
rNeg     . . .     Spirit   .   a - +0 robe
rPois    .         Reflect  .   (helmet currently unavailable)
rElec    .         Harm     .   (no cloak)
rCorr    .         Rampage  .   (no gloves)
Will     .....                  (boots currently unavailable)
Stlth    +.........             (no amulet)
HPRegen  0.09/turn              f - ring of flight
MPRegen  0.10/turn              (no ring)

@: appendages (expiring)
A: change form in water, swift swim, stealthy swim, horns 2
a: End Transformation, Evoke Flight


You were on level 2 of the Dungeon.
You had grown temporary horns.
You visited 1 branch of the dungeon, and saw 2 of its levels.

You collected 89 gold pieces.

Inventory:

Missiles
 e - 12 poisoned darts (quivered)
Armour
 a - a +0 robe (worn)
Jewellery
 f - a ring of flight (left hand)
Scrolls
 b - a scroll of remove curse {unknown}
 d - a scroll of enchant weapon {unknown}
Potions
 c - a potion of ambrosia {unknown}


   Skills:
 + Level 2.0 Fighting
 + Level 3.4 Dodging
 + Level 3.7 Unarmed Combat
 + Level 2.4 Spellcasting
 + Level 3.3 Transmutations


You had 5 spell levels left.
You knew the following spells:

 Your Spells              Type           Power        Failure   Level
a - Beastly Appendage     Tmut           ##....       6%          1

Your spell library contained the following spells:

 Spells                   Type           Power        Failure   Level
 Wereblood                Tmut           ##......     10%         2
 Spider Form              Tmut/Pois      #.........   36%         3
 Ice Form                 Ice/Tmut       #.......     77%         4
 Blade Hands              Tmut           ##........   86%         5


Dungeon Overview and Level Annotations

Branches:
Dungeon (2/15)

Altars:


Innate Abilities, Weirdness & Mutations

You revert to your normal form in water.
You are very nimble and swift while swimming.
You are very stealthy in the water. (Stealth+)
You have a pair of horns on your head.


Message History

You hit the goblin.
You kill the goblin!
Your Fighting skill increases to level 2!
You hit the hobgoblin but do no damage.
You headbutt the hobgoblin, but do no damage.
The hobgoblin barely misses you.
You closely miss the hobgoblin. Your headbutt misses the hobgoblin.
The hobgoblin hits you.
* * * LOW HITPOINT WARNING * * *
You hit the hobgoblin.
The hobgoblin is lightly wounded.
The hobgoblin misses you.
You closely miss the hobgoblin. Your headbutt misses the hobgoblin.
The hobgoblin is lightly wounded.
Your transformation is almost over.
The hobgoblin closely misses you.
You hit the hobgoblin.
The hobgoblin is severely wounded.
The hobgoblin hits you.
You die...

# ##.##.##.......#
###...#.#######..#
#............##..######..
#.#...#.####............#
#.##.##.# ####..######..
. ......#######..# .
................#
.#.#############.## #.
#@# # #g# . ###.#####....
#....).......
#......†.......
#.......##.....
.....#.#.# ....
......#.#.# ...
####.)#.#.. ..


You could see a hobgoblin.

Vanquished Creatures
  2 adders (D:2)
  An ooze (D:2)
  A dart slug (D:1)
  A giant cockroach (D:2)
  3 hobgoblins
  6 jackals (D:2)
  3 kobolds
  A quokka (D:2)
  4 bats
  3 goblins
  4 rats
29 creatures vanquished.

Notes
Turn   | Place    | Note
-------+----------+-------------------------------------------
     0 | D:1      | ANON1729 the Merfolk Transmuter began the quest for the
                  | Orb.
     0 | D:1      | Reached XP level 1. HP: 15/15 MP: 3/3
   308 | D:1      | Reached XP level 2. HP: 15/21 MP: 5/5
  1123 | D:2      | Reached XP level 3. HP: 27/27 MP: 4/6
  1780 | D:2      | Slain by a hobgoblin

Illustrated notes

Levels and vault maps discovered:
D:1:      psy_arrival_dodecagon, layout_basic
D:2:      minmay_general_purpose_star, layout_loops_ring,
          hangedman_feature_mirror

Skill      XL: |  1  2  3 |
---------------+----------+-----
Dodging        | 3 |  3.4
Transmutations | 3 |  3.3
Fighting       | 2 |  2.0
Unarmed Combat | |  3.7
Spellcasting   | |  2.4

Action                   || total
-------------------------++-------
Melee: Unarmed           ||   131
       Headbutt          ||     3
       Punch             ||     2
Throw: Dart              ||     4
 Cast: Beastly Appendage ||     5
 Stab: Sleeping          ||     1
Armor: Robe              ||    20
Dodge: Dodged            ||    91

Table legend: (Time is in decaauts)
 A = Elapsed time spent in this place.
 B = Non-inter-level travel time spent in this place.
 C = Inter-level travel time spent in this place.
 D = Time resting spent in this place.
 E = Time spent auto-exploring this place.
 F = Levels seen in this place.
 G = Mean time per level.
                   A        B        C        D        E       F      G
               +--------+--------+--------+--------+--------+-----+--------+
         Total |   1770 |   1759 |     11 |    303 |   1239 |   2 |  885.0 |
       Dungeon |   1770 |   1759 |     11 |    303 |   1239 |   2 |  885.0 |
               +--------+--------+--------+--------+--------+-----+--------+

Top non-repeatable levels by time:
     D:2: 1081 daAuts
     D:1: 688 daAuts
